AoeStats
← Reaper

Arabia

509894733Analyzed
1v1 RM · 4d ago on Sep 28, 2026· 116m 55s· 2 players
Game mode
Random Map
Map size
Tiny (2 player)
Population
200
Speed
Normal
Resources
Standard
Victory
Conquest
Starting age
Dark Age
Ending age
Imperial Age
RankedLock teamsTeams togetherTeam positionsShared explorationLock speedFull tech treeHidden civsTurbo modeCheats
Victory
Defeat
🇺🇦 Malians · Ukraine
699
+34
🇨🇳 Mongols · China
693
-16
x2835445976
5:47 Loom
8:16 Feudal Age
8:57 Double-Bit Axe
14:06 Horse Collar
15:36 Gold Mining
17:11 Stone Mining
20:57 Castle Age
20:51 Bloodlines
20:38 Fletching
20:49 Padded Archer Armor
21:22 Town Watch
22:13 Wheelbarrow
26:07 Nomads
27:50 Bow Saw
27:44 Heavy Plow
29:30 Gold Shaft Mining
29:35 Stone Shaft Mining
32:54 Herbal Medicine
43:48 Hand Cart
47:57 Imperial Age
46:33 Town Patrol
46:56 Ballistics
46:32 Murder Holes
46:48 Fortified Wall
46:49 Masonry
46:29 Guard Tower
46:48 Thumb Ring
46:42 Bodkin Arrow
47:02 Leather Archer Armor
46:51 Husbandry
48:01 Scale Barding Armor
48:07 Forging
47:25 Light Cavalry
48:11 Hussar
48:15 Elite Mangudai
49:15 Conscription
49:16 Drill
49:32 Hoardings
48:28 Sappers
49:26 Parthian Tactics
50:04 Chemistry
49:13 Siege Engineers
49:23 Bracer
49:46 Chain Barding Armor
50:34 Iron Casting
51:06 Onager
53:50 Siege Onager
53:51 Capped Ram
58:39 Blast Furnace
57:11 Siege Ram
Reaper
12:15 Feudal Age
13:27 Double-Bit Axe
24:37 Castle Age
29:55 Horse Collar
31:39 Wheelbarrow
31:55 Heavy Plow
32:49 Forging
35:23 Hand Cart
38:33 Iron Casting
38:04 Scale Barding Armor
38:06 Husbandry
43:33 Town Watch
45:15 Bloodlines
47:38 Imperial Age
46:40 Bow Saw
46:26 Gold Mining
46:35 Stone Mining
47:36 Town Patrol
47:02 Pikeman
47:42 Squires
47:29 Arson
47:40 Heavy Camel Rider
48:53 Chain Barding Armor
48:54 Loom
50:11 Plate Barding Armor
50:41 Crop Rotation
51:02 Farimba
53:12 Fletching
53:22 Padded Archer Armor
53:25 Scale Mail Armor
55:39 Leather Archer Armor
55:20 Bodkin Arrow
57:37 Murder Holes
62:39 Light Cavalry
64:15 Elite Gbeto
66:25 Chemistry
67:23 Ring Archer Armor
67:42 Ballistics
71:17 Conscription
71:02 Heated Shot
98:30 Tigui
Connection lost

Rejoining the realm…

Still unreachable

The connection could not be restored.

Session expired

The server has moved on; the page needs a fresh start.